 Dungeon Crawl Stone Soup version 0.24.0-13-gcf9b3192b9 (webtiles) character file.

Game seed: 8202428807019140285, levelgen mode: deterministic

1660 Gumption the Archer (level 8, -11/105 HPs)
             Began as a Centaur Hunter on Nov 9, 2019.
             Was a Believer of Wu Jian.
             Mangled by an orc warrior
             ... wielding a +0 halberd
              (14 damage)
             ... on level 6 of the Dungeon.
             The game lasted 00:47:53 (7786 turns).

Gumption the Archer (Centaur Hunter)                Turns: 7786, Time: 00:47:53

Health: -11/105    AC: 24    Str: 16    XL:     8   Next: 68%
Magic:  8/8        EV:  1    Int: 10    God:    Wu Jian [**....]
Gold:   297        SH:  0    Dex: 11    Spells: 7/7 levels left

rFire    . . .     SeeInvis .   b - +2 dagger (venom)
rCold    . . .     Gourm    .   (no shield)
rNeg     + + +     Faith    .   (armour currently unavailable)
rPois    +         Spirit   .   (helmet currently unavailable)
rElec    .         Reflect  .   (cloak currently unavailable)
rCorr    .         Harm     .   (gloves currently unavailable)
MR       .....     NoTele   +   (no barding)
Stlth    +.........             (no amulet)
HPRegen  0.27/turn              (no ring)
MPRegen  0.11/turn              (no ring)

@: tree-form
A: large
a: Wall Jump, Renounce Religion


You were on level 6 of the Dungeon.
You worshipped Wu Jian.
Wu Jian was pleased with you.
You were not hungry.
You were a tree.
You visited 1 branch of the dungeon, and saw 6 of its levels.

You collected 297 gold pieces.

Inventory:

Hand Weapons
 a - a +1 shortbow
 b - a +2 dagger of venom (weapon)
 p - a +1 dagger of venom
 t - a +4 hunting sling
 y - a +1 long sword of slicing
Missiles
 d - 6 arrows
Armour
 h - a +0 chain mail (melded)
 k - a +0 helmet (melded)
 u - a +0 pair of gloves of dexterity (melded)
Jewellery
 m - a +4 ring of strength {unknown}
 q - a +4 ring of slaying {unknown}
 v - an uncursed amulet of harm {unknown}
Wands
 i - a wand of flame (16)
Scrolls
 c - a scroll of remove curse {unknown}
 o - 2 scrolls of blinking
 s - a scroll of fear
 w - a scroll of magic mapping {unknown}
 x - a scroll of teleportation {unknown}
Potions
 f - 2 potions of lignification
 g - a potion of invisibility
 j - a potion of curing
 l - a potion of haste
 n - a potion of heal wounds {unknown}
 r - a potion of mutation {unknown}
Comestibles
 e - 10 rations


   Skills:
 + Level 5.8 Fighting
 * Level 11.3 Bows
 + Level 4.0 Armour
 - Level 1.3 Dodging
 - Level 0.4 Stealth


You had 7 spell levels left.
You didn't know any spells.
Your spell library contained the following spells:

 Spells                   Type           Power        Failure   Level  Hunger
 Animate Skeleton         Necr           N/A          36%         1    ##.....
 Apportation              Tloc           #.....       36%         1    ##.....
 Confusing Touch          Hex            #.....       36%         1    ##.....
 Corona                   Hex            #......      36%         1    ##.....
 Summon Small Mammal      Summ           #...         36%         1    ##.....
 Ensorcelled Hibernation  Hex/Ice        #.....       50%         2    ###....
 Confuse                  Hex            #.......     75%         3    ####...
 Dazzling Spray           Conj/Hex       #.....       75%         3    ####...
 Tukima's Dance           Hex            #.......     75%         3    ####...


Dungeon Overview and Level Annotations

Branches:
Dungeon (6/15)
 Temple: D:4-7

Altars:
Dithmenos
Elyvilon
Fedhas
Trog
Wu Jian
Xom
Yredelemnul
Zin


Innate Abilities, Weirdness & Mutations

((You have hooves in place of feet.))
((Armour fits poorly on your strangely shaped body.))
((You cover ground very quickly.))
((You have extremely tough skin. (AC +3)))


Message History

You hit the orc warrior.
The orc warrior looks as sick as possible!
You kick the orc warrior, but do no damage.
The orc warrior is moderately wounded.
The orc hits you but does no damage.
You hit the orc warrior but do no damage.
The orc warrior looks as sick as possible!
The orc warrior is heavily wounded.
The orc warrior hits you with a +0 halberd!
* * * LOW HITPOINT WARNING * * *
The orc hits you with a +0 flail.
* * * LOW HITPOINT WARNING * * *
Really quaff the potion of lignification?
You turn into a tree.
Your +0 helmet melds into your body.
Your +0 pair of gloves of dexterity melds into your body.
Your +0 chain mail melds into your body.
You feel clumsy.
Your roots penetrate the ground.
The orc warrior hits you with a +0 halberd!
You die...

#.##≈.. ..≈## #
#.#.........## .# #
#....♣._.♣...# ####... .. #
#.#.......... ....#.# #..
#.#.##≈..♣..≈# #.......
#...#.#.##≈r...≈≈# ..#
......... ##...#### ..# #
#.#...#o###...###.# ..# ..
......o♣.o........# ..##...
.................##
..##.#####.##..#.####.###.#
[...........#..#........#.#
.........#..#..#..#######.#
.######..#..#..#..........#
.# #..#.##..#.########## .#
##.#..............
#######....####..#######


You could see an orc warrior, an orc priest and an orc.

Vanquished Creatures
  Grinder (D:4)
  Sigmund (D:2)
  An ogre (D:2)
  A phantom (D:4)
  Blork the orc (D:5)
  A bullfrog (D:6)
  A scorpion (D:5)
  A water moccasin skeleton (D:4)
  A howler monkey (D:5)
  A crimson imp (D:5)
  A bullfrog zombie (D:6)
  2 hounds
  6 orc priests
  Natasha (thrice) (D:4)
  3 iguanas
  5 orc wizards
  4 worker ants
  Robin (D:4)
  2 gnolls
  5 adders
  An ooze (D:1)
  A worm (D:5)
  4 dart slugs
  3 leopard geckos
  19 orcs
  A giant cockroach (D:2)
  15 goblins
  9 hobgoblins
  6 jackals
  A quokka (D:5)
  A ball python (D:4)
  8 bats
  4 frilled lizards
  A jackal zombie (D:5)
  7 kobolds
  A leopard gecko zombie (D:6)
  4 rats
128 creatures vanquished.

Vanquished Creatures (others)
  An adder skeleton (D:6)
1 creature vanquished.

Grand Total: 129 creatures vanquished

Notes
Turn   | Place    | Note
-------+----------+-------------------------------------------
     0 | D:1      | Gumption the Centaur Hunter began the quest for the Orb.
     0 | D:1      | Reached XP level 1. HP: 17/17 MP: 1/1
   279 | D:1      | Reached XP level 2. HP: 15/24 MP: 2/2
   839 | D:1      | Reached skill level 6 in Bows
   866 | D:1      | Reached XP level 3. HP: 27/30 MP: 3/3
  1169 | D:1      | Reached skill level 1 in Armour
  1661 | D:2      | Reached XP level 4. HP: 35/37 MP: 4/4
  1849 | D:2      | Noticed Sigmund
  2098 | D:2      | HP: 1/37 [Sigmund/+0 scythe (6)]
  2099 | D:2      | Killed Sigmund
  2099 | D:2      | Reached skill level 7 in Bows
  2099 | D:2      | Reached XP level 5. HP: 1/45 MP: 5/5
  2645 | D:2      | Noticed an ogre
  2687 | D:2      | Killed an ogre
  2687 | D:2      | Reached skill level 8 in Bows
  2687 | D:2      | Reached XP level 6. HP: 35/52 MP: 6/6
  2829 | D:2      | Found a basalt altar of Yredelemnul.
  3039 | D:2      | Found a shimmering altar of Xom.
  3134 | D:3      | HP: 1/52 [orc priest/+0 war axe (4)]
  4034 | D:3      | Reached XP level 7. HP: 59/59 MP: 7/7
  4138 | D:3      | Found a shadowy altar of Dithmenos.
  4155 | D:3      | Found a glowing silver altar of Zin.
  4201 | D:3      | Found a faded altar of an unknown god.
  4205 | D:3      | Became a worshipper of the Wu Jian Council
  4205 | D:3      | Reached * piety under Wu Jian
  4229 | D:3      | Found a blossoming altar of Fedhas.
  4243 | D:3      | Found a bloodstained altar of Trog.
  4573 | D:4      | Noticed Robin
  4609 | D:4      | Killed Robin
  4918 | D:4      | Reached skill level 9 in Bows
  5396 | D:4      | Reached ** piety under Wu Jian
  5466 | D:4      | Noticed Natasha
  5469 | D:4      | Killed Natasha
  5589 | D:4      | Noticed Natasha
  5599 | D:4      | Killed Natasha
  5706 | D:4      | Noticed Grinder
  5717 | D:4      | Paralysed by Grinder for 5 turns
  5718 | D:4      | Killed Grinder
  5718 | D:4      | Reached skill level 5 in Fighting
  5718 | D:4      | Reached skill level 10 in Bows
  5718 | D:4      | Reached XP level 8. HP: 51/68 MP: 8/8
  6105 | D:4      | Noticed Natasha
  6119 | D:4      | Killed Natasha
  6443 | D:5      | Entered Level 5 of the Dungeon
  6932 | D:5      | Noticed Blork the orc
  6942 | D:5      | Killed Blork the orc
  7049 | D:5      | Reached skill level 11 in Bows
  7775 | D:6      | Found a white marble altar of Elyvilon.
  7785 | D:6      | HP: 3/70 [orc warrior/+0 halberd (17)]
  7786 | D:6      | Mangled by an orc warrior

Levels and vault maps discovered:
D:1:      wheals_arrival_shading, layout_basic
D:2:      layout_loops_ring, lemuel_doored_altar, first_ration,
          hangedman_decor_growths, tgw_xom, uniq_sigmund
D:3:      layout_rooms, nicolae_overflow_quartered_altars,
          chequers_ecumenical_altar_twisty, grunt_decor_fettered
D:4:      layout_layer_cave, uniq_grinder, uniq_natasha, uniq_robin
D:5:      layout_rooms, corexii_hall_statues_i, uniq_blork_the_orc
D:6:      layout_basic, elyvilon_altar_4

Skill      XL: |  1  2  3  4  5  6  7  8 |
---------------+-------------------------+-----
Bows           | 6 7 8 10 11 | 11.3
Armour         | 1 2 3 4 |  4.0
Fighting       | 3 4 5 |  5.8
Dodging        | |  1.3
Stealth        | |  0.4

Action                   |  1- 3 |  4- 6 |  7- 9 || total
-------------------------+-------+-------+-------++-------
Melee: Short sword       |   108 |    10 |       ||   118
       Kick              |    14 |    17 |    58 ||    89
       Dagger            |       |    60 |   179 ||   239
 Fire: Shortbow          |    27 |    55 |   102 ||   184
Invok: Lunge             |       |       |    21 ||    21
       Whirlwind         |       |       |     5 ||     5
  Use: Scroll            |       |     2 |     7 ||     9
       Potion            |       |     1 |     1 ||     2
  Eat: Chunk             |     2 |     6 |     9 ||    17
Armor: Ring mail         |     8 |       |       ||     8
       Leather armour    |     4 |       |       ||     4
       Scale mail        |    46 |     6 |       ||    52
       Chain mail        |       |    49 |    98 ||   147
Dodge: Dodged            |    52 |    19 |    35 ||   106
